 Dungeon Crawl Stone Soup version 0.13.0-19-g8e0b589 (webtiles) character file.

720 Malachi the Chopper (level 7, -2/53 HPs)
             Began as a Vampire Fighter on Oct 25, 2013.
             Slain by an ogre
             ... wielding a +0,+0 giant club
              (11 damage)
             ... on Level 4 of the Dungeon.
             The game lasted 00:06:32 (4029 turns).

Malachi the Chopper (Vampire Fighter)               Turns: 4029, Time: 00:06:32

HP  -2/53        AC 12     Str 17      XL: 7   Next: 13%
MP   7/7         EV  4     Int 10      God:
Gold 143         SH 11     Dex 13      Spells:  0 memorised,  6 levels left

Res.Fire  : . . .   See Invis. : +   a - +0 hand axe {=f}
Res.Cold  : . . .   Warding    : .   o - +0 orc plate armour (curse)
Life Prot.: + . .   Conserve   : .   h - +0 dwarf buckler
Res.Poison: .       Res.Corr.  : .   (no helmet)
Res.Elec. : .       Clarity    : .   (no cloak)
Sust.Abil.: . .     Spirit.Shd : .   (no gloves)
Res.Mut.  : .       Stasis     : .   u - +0 pair of boots
Res.Rott. : .       Flight     : .   (no amulet)
Saprovore : . . .                    (no ring)
                                     (no ring)

@: slightly resistant to hostile enchantments, extremely unstealthy
A: bottle blood, fangs 3, see invisible, unbreathing
a: Bat Form, Bottle Blood


You were on level 4 of the Dungeon.
You were not thirsty.

You visited 1 branch of the dungeon, and saw 4 of its levels.

You collected 123 gold pieces.

Inventory:

Hand weapons
 a - a +0,+0 hand axe (weapon) {=f}
Armour
 c - a +0 shield
 h - a +0 dwarven buckler (worn)
 o - a cursed +0 orcish plate armour (worn)
 u - a +0 pair of boots (worn)
Magical devices
 n - a wand of draining (7) {unknown}
Scrolls
 b - a scroll of teleportation {unknown}
 e - a scroll of recharging {unknown}
 j - a scroll of noise {unknown}
 k - a scroll of curse weapon {unknown}
Potions
 d - a potion of magic
 f - a potion of might
 r - 2 potions of agility


   Skills:
 - Level 3.1 Fighting
 * Level 5.3 Axes
 - Level 2.4 Armour
 - Level 1.3 Dodging
 * Level 5.0 Shields


You had 6 spell levels left.
You didn't know any spells.

Dungeon Overview and Level Annotations

Branches:
Dungeon (4/27)
 Temple: D:4-7

Altars:


Innate Abilities, Weirdness & Mutations

You can bottle blood from corpses.
You have razor-sharp teeth.*
You have supernaturally acute eyesight.
You can survive without breathing.*


Message History

You hit the ogre.
The ogre is lightly wounded.
The ogre hits you with a giant club!
You hit the ogre but do no damage.
The ogre is lightly wounded.
The ogre hits you with a giant club!
Your plate armour prevents you from hitting the ogre.
The ogre is lightly wounded.
The ogre hits you with a giant club.
You barely miss the ogre.
The ogre is lightly wounded.
You hit the ogre but do no damage. You bite the ogre.
You draw the ogre's blood!
You feel better.
You feel slightly less thirsty.
The ogre is lightly wounded.
The ogre hits you with a giant club!
* * * LOW HITPOINT WARNING * * *
You are too injured to fight recklessly!
You are too injured to fight recklessly!
The ogre hits you with a giant club!
You die...

..<<<..............
.....................#
......................#
................)......#
........................#
..................!......
.........................
.....[...........O...?....
...............@.........
........................
.......................
.....................
....................
...................
.................
...(...........
.............


You could see an ogre.

Vanquished Creatures
  Grinder (D:3)
  Purgy (D:3)
  An orc priest (D:3)
  A hound (D:4)
  Ijyb (D:3)
  Jessica (D:2)
  5 adders
  4 gnolls (D:3)
  A giant mite (D:1)
  3 giant geckos (D:3)
  5 oozes
  3 orcs (D:3)
  11 hobgoblins
  A quokka (D:2)
  6 bats
  4 giant cockroaches
  5 giant newts
  6 goblins
  11 kobolds
  8 rats
79 creatures vanquished.

Notes
Turn   | Place    | Note
--------------------------------------------------------------
     0 | D:1      | Malachi, the Vampire Fighter, began the quest for the Orb.
     0 | D:1      | Reached XP level 1. HP: 18/18 MP: 1/1
   115 | D:1      | Reached skill level 3 in Fighting
   124 | D:1      | Reached XP level 2. HP: 22/24 MP: 2/2
   167 | D:1      | Reached skill level 1 in Dodging
   624 | D:1      | Reached XP level 3. HP: 6/30 MP: 3/3
  1654 | D:2      | Reached XP level 4. HP: 28/36 MP: 4/4
  1744 | D:2      | Noticed Jessica
  1764 | D:2      | Killed Jessica
  2018 | D:3      | Noticed Grinder
  2171 | D:3      | Noticed Ijyb
  2188 | D:3      | Killed Ijyb
  2318 | D:3      | Reached XP level 5. HP: 41/41 MP: 5/5
  2748 | D:3      | Paralysed by Grinder for 3 turns
  2789 | D:3      | Paralysed by Grinder for 6 turns
  2792 | D:3      | HP: 1/41 [Grinder/nerve-wracking pain (8)]
  2802 | D:3      | Killed Grinder
  2802 | D:3      | Reached skill level 4 in Axes
  2802 | D:3      | Reached XP level 6. HP: 1/48 MP: 6/6
  3536 | D:3      | Noticed Purgy
  3561 | D:3      | Killed Purgy
  3561 | D:3      | Reached skill level 5 in Axes
  3561 | D:3      | Reached XP level 7. HP: 20/53 MP: 7/7
  4003 | D:4      | Reached skill level 5 in Shields
  4029 | D:4      | Slain by an ogre

Action                   |  1- 3 |  4- 6 |  7- 9 || total
-------------------------+-------+-------+-------++-------
Melee: Hand axe          |   142 |   185 |    23 ||   350
  Use: Scroll            |       |     5 |       ||     5
       Potion            |       |     9 |       ||     9
